 Dungeon Crawl Stone Soup version 0.26-a0-6-g448add79b7 (webtiles) character file.

Game seed: 6559608960420864301, levelgen mode: deterministic

60 Essalna the Firebug (level 4, -1/33 HPs)
             Began as a Hill Orc Fire Elementalist on May 24, 2020.
             Was an Initiate of Vehumet.
             Slain by a gnoll
             ... wielding a +0 flail
              (7 damage)
             ... on level 3 of the Dungeon.
             The game lasted 00:04:17 (1725 turns).

Essalna the Firebug (Hill Orc Fire Elementalist)    Turns: 1725, Time: 00:04:17

Health: -1/33      AC:  2    Str: 10    XL:     4   Next: 4%
Magic:  2/7        EV: 12    Int: 16    God:    Vehumet [......]
Gold:   27         SH:  0    Dex: 11    Spells: 6/7 levels left

rFire    . . .     SeeInvis .   d - +0 dagger
rCold    . . .     Gourm    .   (no shield)
rNeg     . . .     Faith    .   a - +0 robe
rPois    .         Spirit   .   (no helmet)
rElec    .         Reflect  .   (no cloak)
rCorr    .         Harm     .   (no gloves)
MR       .....                  (no boots)
Stlth    ++........             (no amulet)
HPRegen  0.11/turn              (no ring)
MPRegen  0.10/turn              (no ring)

@: no status effects
A: no striking features
a: Renounce Religion


You were on level 3 of the Dungeon.
You worshipped Vehumet.
Vehumet was noncommittal.
You were not hungry.

You visited 1 branch of the dungeon, and saw 4 of its levels.

You collected 27 gold pieces.

Inventory:

Hand Weapons
 d - a +0 dagger (weapon)
Armour
 a - a +0 robe (worn)
Scrolls
 e - a scroll of remove curse {unknown}
 f - a scroll of magic mapping {unknown}
Potions
 b - a potion of might {unknown}
Comestibles
 c - 2 rations
 g - 2 chunks of flesh


   Skills:
 - Level 1.5 Dodging
 - Level 1.5 Stealth
 + Level 2.2 Spellcasting
 + Level 2.2 Conjurations
 + Level 4.0 Fire Magic


You had 6 spell levels left.
You knew the following spells:

 Your Spells              Type           Power        Failure   Level  Hunger
a - Foxfire               Conj/Fire      ##..         5%          1    #......

Your spell library contained the following spells:

 Spells                   Type           Power        Failure   Level  Hunger
 Conjure Flame            Conj/Fire      ##......     17%         3    ###....
 Inner Flame              Hex/Fire       #.......     26%         3    ###....
 Sticky Flame             Conj/Fire      ##......     50%         4    #####..
 Fireball                 Conj/Fire      ##........   83%         5    ######.


Dungeon Overview and Level Annotations

Branches:
Dungeon (4/15)
 Temple: D:4-7

Altars:
Vehumet

Annotations:
D:1 1 runed translucent door
D:2 Sigmund


Message History

Confirm with . or Enter, or press ? or * to list all spells.
You conjure some foxfire!
The adder closely misses you.
You are too injured to fight recklessly!
Your foxfire dissipates!
The foxfire hits the adder.
The adder is almost dead.
The foxfire hits the adder.
You kill the adder!
You have reached level 4!
The foxfire hits the gnoll.
The gnoll is moderately wounded.
There is a radiant altar of Vehumet here.
You kneel at the altar of Vehumet.
Vehumet welcomes you! The gnoll hits you with a +0 flail.
The gnoll hits you with a +0 flail!
* * * LOW HITPOINT WARNING * * *
There is a stone staircase leading up here.
The gnoll hits you with a +0 flail!
You die...

####### #.....#
######...#.###
#........._..#
#........#.#.#
#.@g.........#
#.........†####..
#......÷.........
#...)>...........
#...!........#...
...............#
##
########.........
...........
........?....


You could see a gnoll.

Vanquished Creatures
  4 adders
  A leopard gecko (D:1)
  3 giant cockroaches
  3 goblins
  3 hobgoblins (D:1)
  2 kobolds (D:1)
  4 bats (D:1)
  2 rats
22 creatures vanquished.

Vanquished Creatures (collateral kills)
  A giant cockroach (D:1)
1 creature vanquished.

Vanquished Creatures (others)
  78 foxfires
78 creatures vanquished.

Grand Total: 101 creatures vanquished

Notes
Turn   | Place    | Note
-------+----------+-------------------------------------------
     0 | D:1      | Essalna the Hill Orc Fire Elementalist began the quest for
                  | the Orb.
     0 | D:1      | Reached XP level 1. HP: 14/14 MP: 3/3
     1 | D:1      | Found a runed translucent door.
   305 | D:1      | Reached XP level 2. HP: 13/20 MP: 0/4
  1429 | D:2      | Noticed Sigmund
  1435 | D:2      | Reached XP level 3. HP: 20/26 MP: 0/6
  1625 | D:4      | Reached skill level 4 in Fire Magic
  1699 | D:3      | Found a radiant altar of Vehumet.
  1711 | D:3      | Reached XP level 4. HP: 20/33 MP: 0/7
  1715 | D:3      | Became a worshipper of Vehumet
  1725 | D:3      | Slain by a gnoll

Illustrated notes

Levels and vault maps discovered:
D:1:      dpeg_arrival_caged_fury, layout_basic
D:2:      layout_rooms, nicolae_ashenzari_panopticon, uniq_sigmund
D:3:      layout_basic, lemuel_crystal_altar, eat_drink_and_be_merry_uskayaw,
          gammafunk_temple_overflow_claw, first_ration,
          small_statue_intersection, uniq_terence
D:4:      layout_loops_cross, okawaru_ov_weapons_minmay,
          lemuel_zombie_altar_kikubaaqudgha, st_stairs_4, minivault_27,
          grunt_ministairs_12, uniq_duvessa

Skill      XL: |  1  2  3 |
---------------+----------+-----
Spellcasting   | 2 |  2.2
Conjurations   | 2 |  2.2
Fire Magic     | 4 |  4.0
Dodging        | |  1.5
Stealth        | |  1.5

Action                   |  1- 3 |  4- 6 || total
-------------------------+-------+-------++-------
Melee: Unarmed           |    31 |       ||    31
       Dagger            |     9 |       ||     9
 Cast: Foxfire           |    64 |       ||    64
  Eat: Chunk             |     4 |       ||     4
Armor: Robe              |    17 |       ||    17
Dodge: Dodged            |    50 |       ||    50

Table legend:
 A = Non-vault XP
 B = Vault XP
 C = Vault XP percentage of total XP
 D = Non-vault monster count
 E = Vault monster count
 F = Vault count percentage of total count
                 A         B        C        D         E       F
            +---------+---------+-------+---------+---------+-------
      Total |      86 |       0 |   0.0 |      23 |       0 |   0.0
            +---------+---------+-------+---------+---------+-------
        D:1 |      30 |       0 |   0.0 |      16 |       0 |   0.0
        D:2 |      15 |       0 |   0.0 |       2 |       0 |   0.0
        D:3 |      16 |       0 |   0.0 |       3 |       0 |   0.0
        D:4 |      25 |       0 |   0.0 |       2 |       0 |   0.0
            +---------+---------+-------+---------+---------+-------
